AoeStats
← RCL Belier

Arena

507965340Analyzed
1v1 RM · 11d ago on Sep 20, 2026· 42m 45s· 2 players
Game mode
Random Map
Map size
Tiny (2 player)
Population
200
Speed
Normal
Resources
Standard
Victory
Conquest
Starting age
Dark Age
Ending age
Imperial Age
RankedLock teamsTeams togetherTeam positionsShared explorationLock speedFull tech treeHidden civsTurbo modeCheats
Victory
Defeat
🇫🇷 Malians · France
1050
+17
🇨🇳 Spanish · China
1065
-17
RCL Belier
10:44 Feudal Age
14:51 Castle Age
13:10 Double-Bit Axe
13:07 Horse Collar
16:15 Bow Saw
16:02 Stone Mining
25:02 Forging
26:50 Wheelbarrow
26:33 Gold Mining
28:51 Gold Shaft Mining
29:43 Hand Cart
31:53 Iron Casting
31:19 Scale Mail Armor
36:16 Imperial Age
34:19 Bloodlines
34:10 Husbandry
34:03 Fletching
34:31 Chain Mail Armor
34:22 Scale Barding Armor
36:23 Elite Gbeto
37:24 Conscription
37:36 Plate Mail Armor
41:37 Chemistry
40:35 Light Cavalry
42:17 Ballistics
42:38 Farimba
小敏
11:00 Feudal Age
15:04 Castle Age
13:18 Stone Mining
14:19 Loom
19:01 Gold Mining
22:54 Double-Bit Axe
23:23 Padded Archer Armor
32:03 Imperial Age
31:38 Stone Shaft Mining
36:56 Town Watch
37:44 Elite Skirmisher
39:23 Leather Archer Armor
38:59 Fletching
39:54 Bow Saw
40:54 Conscription
Connection lost

Rejoining the realm…

Still unreachable

The connection could not be restored.

Session expired

The server has moved on; the page needs a fresh start.